 Dungeon Crawl Stone Soup version 0.27-b1-42-g19c61b19a5 (webtiles) character file.

Game seed: 3472840656419265730

2574 Acheron the Ruffian (level 9, 0/72 HPs)
             Began as a Ghoul Warper on July 30, 2021.
             Was a Believer of Makhleb.
             Slain by a wraith (1 damage)
             ... on level 9 of the Dungeon.
             The game lasted 00:41:18 (9180 turns).

Acheron the Ruffian (Ghoul Warper)                  Turns: 9180, Time: 00:41:19

Health: 0/72       AC:  8    Str: 15    XL:     9   Next: 57%
Magic:  12/12      EV: 11    Int:  8    God:    Makhleb [**....]
Gold:   1471       SH:  0    Dex: 11    Spells: 6/14 levels left

rFire    . . .     SeeInvis .     - Unarmed
rCold    + . .     Faith    .   (no shield)
rNeg     + + +     Spirit   .   f - +0 ring mail
rPois    ∞         Reflect  .   n - +2 hat
rElec    .         Harm     .   (no cloak)
rCorr    .         Rampage  .   (no gloves)
Will     +....                  (no boots)
Stlth    ++........             (no amulet)
HPRegen  0.00/turn              h - ring of willpower
MPRegen  0.13/turn              (no ring)

@: inhibited regen, slowed, very slow
A: claws 1, cold resistance 1, negative energy resistance 3, inhibited
regeneration, torment resistance 2
a: Renounce Religion, Minor Destruction


You were on level 9 of the Dungeon.
You worshipped Makhleb.
Makhleb was pleased with you.
You visited 2 branches of the dungeon, and saw 11 of its levels.

You collected 1471 gold pieces.

Inventory:

Hand Weapons
 l - a +0 flail of protection
 q - a +0 vorpal rapier
Missiles
 c - 5 boomerangs of dispersal
 e - 170 stones
 i - 30 sling bullets
 m - 28 poisoned darts (quivered)
Armour
 a - a +0 leather armour
 f - a +0 ring mail (worn)
 n - a +2 hat (worn)
Magical Staves
 s - a staff of air
 B - a staff of conjuration
Jewellery
 h - a ring of willpower (left claw)
Wands
 v - a wand of digging (6)
Scrolls
 b - a scroll of silence {unknown}
 g - 3 scrolls of vulnerability {unknown}
 j - 2 scrolls of teleportation
 u - 2 scrolls of enchant weapon
 y - a scroll of enchant armour
 z - 3 scrolls of fog
Potions
 d - a potion of ambrosia {unknown}
 k - 4 potions of curing
 o - 2 potions of brilliance
 r - a potion of magic
 t - 2 potions of degeneration
 w - a potion of flight {unknown}
 x - 2 potions of mutation
Miscellaneous
 A - a condenser vane


   Skills:
 * Level 4.5 Fighting
 * Level 1.7 Short Blades
 * Level 3.3 Throwing
 * Level 4.7 Armour
 * Level 3.5 Dodging
 * Level 3.9 Stealth
 * Level 7.5 Unarmed Combat
 * Level 3.2 Spellcasting
 * Level 4.3 Translocations
 * Level 2.3 Invocations
 * Level 1.1 Evocations


You had 6 spell levels left.
You knew the following spells:

 Your Spells              Type           Power      Damage    Failure   Level
a - Blink                 Tloc           N/A        N/A       16%         2
b - Teleport Other        Tloc           8%         N/A       30%         3
c - Gell's Gravitas       Tloc           4%         N/A       30%         3

Your spell library contained the following spells:

 Spells                   Type           Power      Damage    Failure   Level
 Lesser Beckoning         Tloc           4%         N/A       30%         3
 Manifold Assault         Tloc           8%         N/A       95%         5


Dungeon Overview and Level Annotations

Branches:
Dungeon (10/15)            Temple (1/1) D:4
   Lair: D:8-11         Orc: D:9-12

Altars:
Ashenzari
Cheibriados
Dithmenos
Elyvilon
Fedhas
Gozag
Hepliaklqana
Kikubaaqudgha
Makhleb
Nemelex Xobeh
Okawaru
Qazlal
Ru
Trog
Uskayaw
Vehumet
Wu Jian
Xom
Yredelemnul
Zin
The Shining One

Shops:
D:5 [   D:8 *

Annotations:
D:5 exclusion: downstairs
D:6 Dowan, Duvessa
D:7 exclusion: downstairs
D:8 exclusion: upstairs, Erica
D:9 exclusions: 2 downstairs and upstairs


Innate Abilities, Weirdness & Mutations

You thrive by killing the living.
You are immune to poison.
You have sharp fingernails.
Your flesh is cold resistant. (rC+)
You are immune to negative energy. (rN+++)
You do not regenerate when monsters are visible.
You are immune to unholy pain and torment.


Message History

The wraith is heavily damaged.
The wraith hits you but does no damage.
You barely miss the wraith.
The wraith is heavily damaged.
The wraith misses you. The wraith barely misses you.
You scratch the wraith but do no damage.
The wraith is heavily damaged.
The wraith closely misses you.
You barely miss the wraith. You claw the wraith, but do no damage.
The wraith is heavily damaged.
The wraith barely misses you.
You claw the wraith!
The wraith is severely damaged.
The wraith misses you.
You scratch the wraith.
The wraith is almost destroyed.
The wraith hits you!
* * * LOW HITPOINT WARNING * * *
The wraith drains your vigour!
You feel as though you will be slow longer.
The wraith hits you.
* * * LOW HITPOINT WARNING * * *
The wraith drains your vigour!
You feel as though you will be slow longer.
You feel better. The wraith hits you!
* * * LOW HITPOINT WARNING * * *
You barely miss the wraith.
The wraith is almost destroyed.
The wraith misses you.
You scratch the wraith but do no damage.
The wraith is almost destroyed.
The wraith hits you.
* * * LOW HITPOINT WARNING * * *
The wraith drains your vigour!
You feel as though you will be slow longer.
The wraith hits you but does no damage.
You barely miss the wraith.
The wraith is almost destroyed.
The wraith hits you.
You die...

#.....).....# #.......
#...........# #.......
#...........# #.......
#.....#.....# #.......
#.....#.....# #..W..W.
#.....#.....# #..#
#.....#.....# #..#
#.....#.....############..#
#.....#.......@W..........#
#.....#...................#
#.....#...................#
#.........................#
#.....#+###########'#######
#.##..#.................#
#?##..#......>..........#
#.##..#.................#
#.##..#......>..........#


You could see a wraith.

Vanquished Creatures
  A centaur warrior (D:9)
  Grinder (D:6)
  A wyvern (D:9)
  Menkaure (D:6)
  A water moccasin (D:9)
  A sky beast (D:5)
  A necrophage (D:6)
  2 centaurs (D:9)
  2 phantoms
  2 kobold brigands
  2 bullfrogs
  A scorpion (D:6)
  A water moccasin skeleton (D:5)
  A howler monkey (D:7)
  2 bullfrog zombies
  2 bullfrog skeletons
  A centaur skeleton (D:6)
  An iguana (D:5)
  A scorpion zombie (D:4)
  A killer bee zombie (D:8)
  3 hound zombies (D:4)
  A howler monkey skeleton (D:7)
  5 adders
  2 shadow imps
  A white imp (D:5)
  An adder zombie (D:4)
  13 ball pythons
  8 bats
  6 endoplasms
  2 giant cockroaches
  7 goblins
  7 hobgoblins
  5 jackals
  2 quokkas
  A frilled lizard (D:1)
  16 kobolds
  2 quokka zombies (D:4)
  4 rats
112 creatures vanquished.

Vanquished Creatures (others)
  2 plants (D:5)
2 creatures vanquished.

Grand Total: 114 creatures vanquished

Notes
Turn   | Place    | Note
-------+----------+-------------------------------------------
     0 | D:1      | Acheron the Ghoul Warper began the quest for the Orb.
     0 | D:1      | Reached XP level 1. HP: 17/17 MP: 2/2
   163 | D:1      | Reached skill level 1 in Throwing
   217 | D:1      | Reached XP level 2. HP: 22/25 MP: 3/3
   475 | D:1      | You fall into a shaft and drop 1 floor!
   904 | D:2      | Reached XP level 3. HP: 17/30 MP: 4/4
  1163 | D:2      | Reached skill level 1 in Armour
  1530 | D:2      | Found a faded altar of an unknown god.
  2542 | D:2      | Reached XP level 4. HP: 34/37 MP: 5/5
  2567 | D:2      | Learned a level 2 spell: Blink
  2571 | D:2      | Learned a level 3 spell: Teleport Other
  3377 | D:4      | Reached skill level 1 in Stealth
  3377 | D:4      | Reached skill level 3 in Unarmed Combat
  3424 | D:4      | Reached XP level 5. HP: 32/44 MP: 7/7
  3623 | D:4      | Found a staircase to the Ecumenical Temple.
  3639 | Temple   | Entered the Ecumenical Temple
  3951 | Temple   | Learned a level 3 spell: Gell's Gravitas
  4008 | Temple   | Became a worshipper of Makhleb the Destroyer
  4373 | D:4      | Noticed a lemure
  4388 | D:5      | Entered Level 5 of the Dungeon
  4397 | D:5      | Noticed a sky beast
  4416 | D:5      | Found Giafut's Antique Armour Shop.
  4532 | D:4      | Reached XP level 6. HP: 35/50 MP: 8/8
  4929 | D:5      | Reached skill level 4 in Unarmed Combat
  5511 | D:5      | Killed a sky beast
  5512 | D:5      | Reached XP level 7. HP: 29/57 MP: 9/9
  5575 | D:5      | Reached * piety under Makhleb
  5838 | D:6      | Reached skill level 5 in Unarmed Combat
  6237 | D:6      | Noticed Grinder
  6285 | D:6      | Killed Grinder
  6286 | D:6      | Reached XP level 8. HP: 46/63 MP: 10/10
  6488 | D:6      | Reached skill level 1 in Invocations
  6734 | D:6      | Noticed Dowan
  6772 | D:6      | Noticed Menkaure
  6786 | D:6      | Killed Menkaure
  6787 | D:6      | Reached skill level 6 in Unarmed Combat
  6949 | D:6      | Noticed Duvessa
  7397 | D:8      | Found Vupuq's Assorted Antiques.
  7404 | D:8      | Noticed Erica
  7771 | D:7      | Noticed a troll
  7957 | D:8      | Reached skill level 1 in Short Blades
  8005 | D:8      | Reached ** piety under Makhleb
  8021 | D:9      | Identified a scroll of acquirement
  8021 | D:9      | Acquired 1179 gold pieces
  8153 | D:9      | Noticed a wyvern
  8170 | D:9      | Killed a wyvern
  8171 | D:9      | Reached XP level 9. HP: 14/71 MP: 12/12
  8480 | D:8      | Noticed a centaur warrior
  8494 | D:9      | Killed a centaur warrior
  8495 | D:9      | Reached skill level 7 in Unarmed Combat
  8495 | D:9      | Reached skill level 1 in Evocations
  8818 | D:10     | Entered Level 10 of the Dungeon
  9179 | D:9      | HP: 1/72 [wraith (5)]
  9180 | D:9      | Slain by a wraith

Illustrated notes

Levels and vault maps discovered:
D:1:      dpeg_arrival_tiny_j, layout_loops_ring, columned_hall_lemuel,
          st_stairs_4, hangedman_decor_slide_cut, hangedman_decor_growths
D:2:      layout_basic, ebering_ecumenical_altar_hall
D:3:      layout_basic, eino_tiny_chamber
D:4:      layout_cave_pods, minmay_temple_entry_hall, serial_undead,
          serial_undead_d, serial_undead_c, serial_undead_f, serial_undead_c,
          minmay_fractal_squares_gapless_5, uniq_pikel
D:5:      layout_cave_pools, portal_sewer_entry_d, serial_shops,
          nicolae_shop_overgrown_old_shop, wad_floor_pattern_1,
          kennysheep_big_empty_room
D:6:      layout_loops_ring, uniq_duvessa, uniq_grinder, uniq_menkaure
D:7:      layout_rooms
D:8:      layout_rooms, erik_lair_dragon, serial_shops, nicolae_shop_crystal,
          skrybe_limestone_x, uniq_gastronok, uniq_erica
D:9:      layout_stronghold, old_standard_altar, orc_0_dummy,
          gammafunk_ghost_stat_death
D:10:     nzn_winding_woodlands_stair_cross
          [nzn_winding_woodlands_5x15_lazy_stream,
          nzn_winding_woodlands_center_pierced_h,
          nzn_winding_woodlands_5x15_pockets, nzn_winding_woodlands_5x5_three,
          nzn_winding_woodlands_5x5_perimeter, nzn_winding_woodlands_5x15_pool,
          nzn_winding_woodlands_center_lodge,
          nzn_winding_woodlands_5x15_sawtooth], layout_irregular_city,
          due_unseen_surprise
Temple:   regret_index_temple_sigil_plot

Skill      XL: |  1  2  3  4  5  6  7  8  9 |
---------------+----------------------------+-----
Throwing       | 1 2 3 |  3.3
Dodging        | 2 3 |  3.5
Armour         | 1 2 3 4 |  4.7
Translocations | 3 4 |  4.3
Spellcasting   | 2 3 |  3.2
Stealth        | 1 2 3 |  3.9
Unarmed Combat | 3 4 5 6 7 |  7.5
Fighting       | 3 4 |  4.5
Invocations    | 1 2 |  2.3
Short Blades   | 1 |  1.7
Evocations     | 1 |  1.1

Action                   |  1- 3 |  4- 6 |  7- 9 || total
-------------------------+-------+-------+-------++-------
Melee: Unarmed           |   149 |   251 |   233 ||   633
       Punch             |       |     5 |     7 ||    12
Throw: Dart              |       |     3 |       ||     3
 Cast: Blink             |       |     2 |     1 ||     3
  Use: Scroll            |       |     7 |    12 ||    19
       Potion            |       |     2 |     2 ||     4
Armor: Leather armour    |    18 |       |       ||    18
       Ring mail         |    44 |    74 |    91 ||   209
Dodge: Dodged            |    87 |   124 |   133 ||   344
